 Dungeon Crawl Stone Soup version 0.31.0-32-g396128a36d (webtiles) character file.

Game seed: 984473339249809452

49 DildoBatman the Conjurer (level 4, -1/32 HPs)
             Began as a Formicid Conjurer on Mar 14, 2024.
             Slain by a kobold
             ... wielding a +0 whip
              (3 damage)
             ... on level 2 of the Dungeon.
             The game lasted 00:02:43 (1281 turns).

DildoBatman the Conjurer (Formicid Conjurer)        Turns: 1281, Time: 00:02:44

Health: -1/32      AC:  2    Str: 12    XL:     4   Next: 1%
Magic:  6/7        EV:  9    Int: 19    God:
Gold:   90         SH:  0    Dex: 12    Spells: 2/7 levels left

rFire   . . .        f - +0 short sword
rCold   . . .        (no shield)
rNeg    . . .        a - +0 robe
rPois   .            (helmet unavailable)
rElec   .            (no cloak)
rCorr   .            (no gloves)
SInv    +            (no boots)
Will    .....        (no amulet)
Stlth   ++           (no ring)
HPRegen 0.25/turn    (no ring)
MPRegen 0.10/turn

%: no passive effects
@: constricted
A: permanent stasis, dig shafts and tunnels, antennae 3, four strong arms
a: Dig, Shaft Self


You were on level 2 of the Dungeon.
You visited 1 branch of the dungeon, and saw 2 of its levels.

You collected 90 gold pieces.

Inventory:

Hand Weapons
 f - a +0 short sword (weapon)
Missiles
 d - 24 stones
 k - 2 poisoned darts
Armour
 a - a +0 robe (worn)
Scrolls
 j - a scroll of noise {unknown}
Potions
 b - 2 potions of magic
 c - 2 potions of enlightenment {unknown}
 e - a potion of brilliance {unknown}
 g - a potion of haste {unknown}
 h - a potion of heal wounds {unknown}
 i - a potion of invisibility {unknown}


   Skills:
 + Level 1.1 Fighting
 + Level 1.2 Armour
 + Level 2.1 Dodging
 + Level 3.1 Stealth
 + Level 2.4 Spellcasting
 + Level 3.9 Conjurations


You had 2 spell levels left.
You knew the following spells:

 Your Spells              Type           Power      Damage    Failure   Level
a - Searing Ray           Conj           34%        2d5       4%          2
c - Magic Dart            Conj           68%        1d6       3%          1
z - Sublimation of Blood  Necr           2%         N/A       24%         2

Your spell library contained the following spells:

 Spells                   Type           Power      Damage    Failure   Level
 Call Imp                 Summ           4%         N/A       24%         2
 Fulminant Prism          Conj/Alch      4%         3d5       58%         4
 Iskenderun's Mystic Bla  Conj/Tloc      9%         2d4       58%         4
 Summon Hydra             Summ           1%         N/A       100%        7


Dungeon Overview and Level Annotations

Branches:
Dungeon (2/15)

Altars:


Innate Abilities, Weirdness & Mutations

You cannot be hasted, slowed, berserked, paralysed or teleported.
You can dig through walls and to a lower floor.
You have a pair of large antennae on your head. (SInv)
Your four strong arms can wield two-handed weapons with a shield.


Message History

r - Retreat! s - Stop attacking. g - Guard the area. f - Follow me.
Anything else - Cancel.
You shout for attention!
The ball python closely misses you. The ball python constricts you.
The kobold hits you but does no damage. What are your orders? t - Shout!
Orders for allies: a - Attack new target. r - Retreat! s - Stop attacking. g - Guard the area. f - Follow me.
Anything else - Cancel.
You shout for attention!
The ball python bites you. The ball python constricts you.
The kobold hits you with a +0 whip. What are your orders? t - Shout!
Orders for allies: a - Attack new target. r - Retreat! s - Stop attacking. g - Guard the area. f - Follow me.
Anything else - Cancel.
You shout for attention!
The ball python closely misses you. The ball python constricts you.
The ball python bites you. The ball python constricts you.
The kobold hits you with a +0 whip. What are your orders? t - Shout!
Orders for allies: a - Attack new target. r - Retreat! s - Stop attacking. g - Guard the area. f - Follow me.
Anything else - Cancel.
You shout for attention!
The ball python bites you. The ball python constricts you.
The kobold hits you with a +0 whip.
You die...

.......... >#
.#.###### .# .#.#
##.# .#.# . ...#
##.# .. ###..# ...#
...####.#†.# ####
.......#..# ######
..###.K.#..# ......
. ..<..JS@..##
#####...{...##.#.#.#
#####..... , # #.#.#
......# .##. #.#.#
##.##.#...#. #.#.#
#...#.......
#)#.#######
..........#.##
#.#.......#
#...#.##.##...
#.#######.#
##†.#........###.#
#.#


You could see an endoplasm, a ball python and a kobold.

Vanquished Creatures
  An adder (D:2)
  2 dart slugs (D:1)
  4 bats
  3 endoplasms
  A giant cockroach (D:1)
  6 goblins
  2 hobgoblins (D:2)
  3 jackals (D:1)
  A quokka (D:1)
  3 ball pythons (D:1)
  A frilled lizard (D:1)
  3 kobolds (D:1)
  3 rats
33 creatures vanquished.

Notes
Turn   | Place    | Note
-------+----------+-------------------------------------------
     0 | D:1      | DildoBatman the Formicid Conjurer began the quest for the
                  | Orb.
     0 | D:1      | Reached XP level 1. HP: 13/13 MP: 3/3
   229 | D:1      | Reached XP level 2. HP: 16/19 MP: 0/5
   699 | D:1      | Reached XP level 3. HP: 23/25 MP: 0/6
   702 | D:1      | Learned a level 2 spell: Searing Ray
   809 | D:1      | Reached skill level 1 in Armour
  1036 | D:2      | Learned a level 2 spell: Sublimation of Blood
  1121 | D:2      | Reached skill level 1 in Fighting
  1263 | D:2      | Reached XP level 4. HP: 30/32 MP: 4/7
  1281 | D:2      | Slain by a kobold

Illustrated notes

Levels and vault maps discovered:
D:1:      erik_arrival_triangle_medium, layout_loops_ring, minmay_ruptured
D:2:      layout_basic, grunt_ministairs_14, hangedman_decor_clover_reticule

Skill      XL: |  1  2  3 |
---------------+----------+-----
Dodging        | 2 |  2.1
Armour         | 1 |  1.2
Stealth        | 3 |  3.1
Fighting       | 1 |  1.1
Spellcasting   | |  2.4
Conjurations   | |  3.9

Action                     |  1- 3 |  4- 6 || total
---------------------------+-------+-------++-------
  Melee: Unarmed           |     5 |       ||     5
         Short sword       |    34 |       ||    34
   Cast: Magic Dart        |    58 |       ||    58
   Stab: Sleeping          |     2 |       ||     2
 Armour: Robe              |    27 |    16 ||    43
  Dodge: Dodged            |    36 |    11 ||    47
